 Dungeon Crawl Stone Soup version 0.25.0-26-g0c896c7088 (webtiles) character file.

Game seed: 3168631286779534150

40 shadizar the Ruffian (level 3, -2/28 HPs)
             Began as a Draconian Transmuter on July 5, 2020.
             Slain by Sigmund
             ... wielding a +0 scythe
              (6 damage)
             ... on level 2 of the Dungeon.
             The game lasted 00:01:10 (1297 turns).

shadizar the Ruffian (Draconian Transmuter)         Turns: 1297, Time: 00:01:11

Health: -2/28      AC:  5    Str: 13    XL:     3   Next: 30%
Magic:  6/6        EV: 12    Int: 13    God:
Gold:   81         SH:  0    Dex: 11    Spells: 5/6 levels left

rFire    . . .     SeeInvis .     - Unarmed
rCold    . . .     Gourm    .   (no shield)
rNeg     . . .     Faith    .   (armour unavailable)
rPois    .         Spirit   .   (helmet restricted)
rElec    .         Reflect  .   (no cloak)
rCorr    .         Harm     .   (no gloves)
MR       .....                  (no boots)
Stlth    +.........             (no amulet)
HPRegen  0.09/turn              (no ring)
MPRegen  0.10/turn              (no ring)

@: no status effects
A: unfitting armour, cold-blooded, AC +5
a: no special abilities


You were on level 2 of the Dungeon.
You were not hungry.

You visited 1 branch of the dungeon, and saw 2 of its levels.

You collected 81 gold pieces.

Inventory:

Missiles
 a - 12 arrows
Jewellery
 f - an uncursed ring of resist corrosion {unknown}
 k - an uncursed ring of poison resistance {unknown}
Scrolls
 b - a scroll of fear {unknown}
 e - a scroll of enchant armour {unknown}
 h - 3 scrolls of identify {unknown}
 j - a scroll of fog {unknown}
Potions
 g - a potion of berserk rage {unknown}
 i - a potion of flight {unknown}
Comestibles
 c - 3 rations
 d - 3 chunks of flesh


   Skills:
 + Level 1.2 Fighting
 + Level 2.2 Dodging
 + Level 3.7 Unarmed Combat
 + Level 2.3 Spellcasting
 + Level 2.1 Transmutations


You had 5 spell levels left.
You knew the following spells:

 Your Spells              Type           Power        Failure   Level  Hunger
a - Beastly Appendage     Tmut           #.....       11%         1    #......

Your spell library contained the following spells:

 Spells                   Type           Power        Failure   Level  Hunger
 Sticks to Snakes         Tmut           #.......     16%         2    ###....
 Spider Form              Tmut/Pois      #.........   43%         3    ###....
 Ice Form                 Ice/Tmut       #.......     85%         4    #####..
 Blade Hands              Tmut           #.........   96%         5    ######.


Dungeon Overview and Level Annotations

Branches:
Dungeon (2/15)

Altars:

Annotations:
D:2 Sigmund


Innate Abilities, Weirdness & Mutations

Your plain brown scales are hard. (AC +5)
You cannot fit into any form of body armour.
You are cold-blooded and may be slowed by cold attacks.


Message History

You hit the goblin.
You kill the goblin!
A magic dart appears from out of thin air!
The magic dart hits you.
No target in view!
No target in view!
No target in view!
No target in view!
No target in view!
No target in view!
There is a strange disturbance nearby!
Something hits you.
Things that are here:
a +0 club; a goblin corpse You closely miss something.
Something hits you!
You hit something. Something hits you.
* * * LOW HITPOINT WARNING * * *
You miss something. You tail-slap something. You barely miss something.
Something hits you.
You die...

################
#..............#
#.###########.##
#.# #.#
#.###########.##
#.#...{@)......#
#.##$########.##
#.# #<# #.# ..#
#.# #.# #.# #.#
#.# #.# #.# #.#
#.# #.# #.# #.#
#.# #.# #.# #.#


There were no monsters in sight!

Vanquished Creatures
  2 dart slugs (D:1)
  A leopard gecko (D:1)
  4 giant cockroaches (D:1)
  A hobgoblin (D:1)
  8 jackals (D:1)
  A ball python (D:1)
  2 bats (D:1)
  2 frilled lizards (D:1)
  4 goblins
  5 kobolds (D:1)
  3 rats (D:1)
33 creatures vanquished.

Notes
Turn   | Place    | Note
-------+----------+-------------------------------------------
     0 | D:1      | shadizar the Draconian Transmuter began the quest for the
                  | Orb.
     0 | D:1      | Reached XP level 1. HP: 16/16 MP: 3/3
   269 | D:1      | Reached XP level 2. HP: 3/23 MP: 5/5
   684 | D:1      | Reached XP level 3. HP: 16/28 MP: 6/6
  1287 | D:2      | Noticed Sigmund
  1297 | D:2      | Slain by Sigmund

Illustrated notes

Levels and vault maps discovered:
D:1:      minmay_arrival_hallway, layout_basic, serial_park_tiny_2
D:2:      layout_basic, uniq_sigmund

Skill      XL: |  1  2 |
---------------+-------+-----
Dodging        | 2 |  2.2
Fighting       | |  1.2
Unarmed Combat | |  3.7
Spellcasting   | |  2.3
Transmutations | |  2.1

Action                   || total
-------------------------++-------
Melee: Unarmed           ||   114
       Tailslap          ||     9
       Punch             ||     1
  Use: Potion            ||     1
  Eat: Chunk             ||     1
Armor: Skin              ||    48
Dodge: Dodged            ||    90
